 Dungeon Crawl Stone Soup version 0.19-a0-1899-g2d93087 (webtiles) character file.

44 Naow the Chucker (level 3, -8/37 HPs)
             Began as an Ogre Hunter on Oct 20, 2016.
             Mangled by Naow's ghost (10 damage)
             ... on level 3 of the Dungeon.
             The game lasted 00:03:01 (1688 turns).

Naow the Chucker (Ogre Hunter)                      Turns: 1688, Time: 00:03:01

Health: -8/37      AC:  3    Str: 18    XL:     3   Next: 62%
Magic:  12/12      EV: 10    Int: 10    God:
Gold:   145        SH:  0    Dex: 10    Spells: 0 memorised, 2 levels left

rFire  . . .     SeeInvis .     n - +0 club
rCold  . . .     Gourm    .     b - +0 robe
rNeg   . . .     Faith    .     (no shield)
rPois  .         Spirit   .     (helmet restricted)
rElec  .         Reflect  .     (no cloak)
rCorr  .         Harm     .     (gloves unavailable)
MR     .....                    (boots unavailable)
Stlth  +.........               (no amulet)
                                (no ring)
                                e - ring of magical power

@: no status effects
A: unfitting armour, tough skin 1
a: no special abilities


You were on level 3 of the Dungeon.
You were hungry.

You visited 1 branch of the dungeon, and saw 3 of its levels.

You collected 145 gold pieces.

Inventory:

Hand Weapons
 a - a +0 short sword
 n - a +0 club (weapon)
Missiles
 c - 5 large rocks (quivered)
 d - 2 throwing nets
Armour
 b - a +0 robe (worn)
Jewellery
 e - a ring of magical power (left hand)
 r - an uncursed ring of stealth {unknown}
Scrolls
 i - a scroll of magic mapping {unknown}
 l - a scroll of fear {unknown}
 m - a scroll of identify {unknown}
 s - a scroll of remove curse {unknown}
Potions
 g - a potion of resistance {unknown}
 h - a potion of magic {unknown}
 j - a potion of lignification {unknown}
 p - a potion of might {unknown}
 q - 2 potions of degeneration {unknown}
 t - a potion of heal wounds {unknown}
Comestibles
 f - a bread ration
 k - 3 meat rations


   Skills:
 + Level 3.3 Fighting
 * Level 2.0 Maces & Flails
 + Level 4.3 Throwing
 + Level 2.2 Dodging
 - Level 0.6 Stealth


You had 2 spell levels left.
You didn't know any spells.

Dungeon Overview and Level Annotations

Branches:
Dungeon (3/15)

Altars:
Dithmenos

Annotations:
D:3 Naow's ghost, amateur OgHu


Innate Abilities, Weirdness & Mutations

You are too large for most types of armour.
You have tough skin. (AC +1)


Message History

The ball python bites you but does no damage.
The orc barely misses you. The orc hits you with a mace.
The orc hits you from afar with a trident.
* * * LOW HITPOINT WARNING * * *
The ball python bites you but does no damage.
The ball python bites you but does no damage.
All of the chunks of flesh in your inventory have rotted away.
Naow's ghost appears out of thin air!
Naow's ghost (amateur Ogre Hunter) comes into view.
Naow's ghost turns its malevolent gaze towards you.
Naow's ghost hits you.
* * * LOW HITPOINT WARNING * * *
The ball python barely misses you. The ball python bites you.
* * * LOW HITPOINT WARNING * * *
The ball python bites you.
* * * LOW HITPOINT WARNING * * *
There is a stone staircase leading up here.
Naow's ghost hits you!
You die...

..#.#
....##############
...###...[.#....!##
......$...........##
.###...............#
.###..............)#
...................#
...................#
............o.oW@..#
....#.........)S..##
....##.....#.....##
....##############
....# ....# #.#.#
#.#.# #.#.#


You could see Naow's ghost, 2 orcs and a ball python.

Vanquished Creatures
  2 dart slugs (D:2)
  An orc (D:3)
  A ball python (D:2)
  10 bats
  3 giant cockroaches
  7 goblins
  A hobgoblin (D:1)
  2 frilled lizards (D:2)
  7 kobolds
  3 rats (D:1)
37 creatures vanquished.

Notes
Turn   | Place    | Note
-------+----------+-------------------------------------------
     0 | D:1      | Naow the Ogre Hunter began the quest for the Orb.
     0 | D:1      | Reached XP level 1. HP: 22/22 MP: 1/1
   222 | D:1      | Reached XP level 2. HP: 30/31 MP: 2/2
   464 | D:1      | Reached skill level 1 in Maces & Flails
   787 | D:2      | Reached XP level 3. HP: 37/37 MP: 3/3
   830 | D:2      | Found a shadowy altar of Dithmenos.
  1675 | D:3      | Noticed Naow's ghost (amateur OgHu)
  1688 | D:3      | Mangled by Naow's ghost

Vault maps used:
D:1:      lightli_arrival_statue_moat, serial_corexii_hall,
          corexii_hall_statues_x, corexii_hall_statues_i, minmay_tetromino_o4
D:2:      grunt_dithmenos_smoke, minivault_5, hangedman_decor_riveting
D:3:      first_bread

Skill      XL: |  1  2  3 |
---------------+----------+-----
Fighting       | 3 |  3.3
Dodging        | 2 |  2.2
Maces & Flails | 1 2 |  2.0
Throwing       | |  4.3
Stealth        | |  0.6

Action                   || total
-------------------------++-------
Melee: Short sword       ||    53
       Club              ||    86
 Stab: Sleeping          ||     1
  Eat: Chunk             ||     2
Armor: Robe              ||    49
Dodge: Dodged            ||   100
